 Dungeon Crawl Stone Soup version 0.24.0-125-gc4c63601f3 (webtiles) character file.

Game seed: 14410607034682815679, levelgen mode: deterministic

1298 LraC the Slinger (level 8, 0/54 HPs)
             Began as a Halfling Hunter on Mar 10, 2020.
             Slain by an ice beast (2 damage)
             ... on level 5 of the Dungeon.
             The game lasted 00:27:00 (3344 turns).

LraC the Slinger (Halfling Hunter)                  Turns: 3344, Time: 00:27:01

Health: 0/54       AC:  7    Str: 18    XL:     8   Next: 87%
Magic:  8/8        EV: 15    Int: 10    God:
Gold:   185        SH:  0    Dex: 16    Spells: 7/7 levels left

rFire    . . .     SeeInvis .   a - +2 hunting sling
rCold    . . .     Gourm    .   (shield restricted)
rNeg     . . .     Faith    .   c - +0 leather armour
rPois    .         Spirit   .   k - +1 helmet
rElec    .         Reflect  .   (no cloak)
rCorr    .         Harm     +   j - +1 pair of gloves
MR       .....                  (no boots)
Stlth    ++........             i - amulet of harm
HPRegen  0.18/turn              (no ring)
MPRegen  0.11/turn              (no ring)

@: mighty
A: small, mutation resistance 1
a: no special abilities


You were on level 5 of the Dungeon.
You were not hungry.

You visited 1 branch of the dungeon, and saw 5 of its levels.

You collected 185 gold pieces.

Inventory:

Hand Weapons
 a - a +2 hunting sling (weapon)
 b - a +0 short sword
Missiles
 d - 17 sling bullets (quivered)
 e - 59 bolts
 g - 21 poisoned darts
 h - 126 stones
 o - 4 boomerangs
 q - 2 throwing nets
Armour
 c - a +0 leather armour (worn)
 j - a +1 pair of gloves (worn)
 k - a +1 helmet (worn)
Jewellery
 i - an amulet of harm (around neck)
Scrolls
 l - 4 scrolls of identify
 m - 2 scrolls of remove curse
 p - a scroll of teleportation
Comestibles
 f - 6 rations


   Skills:
 + Level 4.3 Fighting
 + Level 1.7 Short Blades
 + Level 12.5 Slings
 + Level 2.8 Armour
 + Level 3.0 Dodging
 + Level 1.9 Stealth


You had 7 spell levels left.
You didn't know any spells.
Your spell library was empty.

Dungeon Overview and Level Annotations

Branches:
Dungeon (5/15)
 Temple: D:4-7

Altars:
Fedhas
Uskayaw
Zin
The Shining One

Annotations:
D:3 !3 runed translucent doors, LraC's ghost, amateur DsNe; Mandevil's ghost, weakling OpAK; dasteron's ghost, amateur MiFi; kalagan's ghost, amateur DEEE; teukkam's ghost, amateur MfGl


Innate Abilities, Weirdness & Mutations

You are small and have problems with some larger weapons.
You are somewhat resistant to further mutation.


Message History

You shoot a sling bullet.
The sling bullet closely misses the orc priest.
The crimson imp hits you.
* * * LOW HITPOINT WARNING * * *
The ice beast completely misses you.
Unknown command.
Firing (i - inventory. (/) - cycle)
d - 19 sling bullets (quivered)
Press: ? - help, Shift-Dir - straight line, f/p - orc priest
Aim: an orc priest, wielding a +0 short sword and wearing a +0 leather armour You shoot a sling bullet.
The sling bullet hits the orc priest.
The orc priest is moderately wounded.
The orc priest misses you. The crimson imp closely misses you.
Firing (i - inventory. (/) - cycle)
d - 18 sling bullets (quivered)
Press: ? - help, Shift-Dir - straight line, f/p - orc priest
Aim: an orc priest, wielding a +0 short sword and wearing a +0 leather armour (moderately wounded)
You shoot a sling bullet.
The sling bullet hits the orc priest but does no damage.
The orc priest is moderately wounded.
The ice beast hits you.
You die...

############
########..........##
#....##......(.....####
#....#.................
#..((..o.(..........###
#(.(..@5(..o.(.........
#....#.Y..).<.......###
#....#.....(((......#
#######.<....(......###
##..........#...#
###.###....##..#
#.....>.......
######### ####........
#.......# ##.......


You could see an ice beast, an orc priest, a crimson imp and an orc.

Vanquished Creatures
  Eustachio (D:4)
  Edmund (D:4)
  A sky beast (D:5)
  3 ogres
  A centaur (D:5)
  A scorpion (D:5)
  2 howler monkeys (D:4)
  4 crimson imps (D:5)
  A hound (D:4)
  A centaur skeleton (D:5)
  An iguana (D:5)
  2 worker ants (D:5)
  8 gnolls
  5 adders
  4 oozes
  An adder skeleton (D:4)
  4 worms
  2 dart slugs (D:2)
  3 leopard geckos
  6 orcs
  6 bats
  2 giant cockroaches
  11 goblins
  8 hobgoblins
  2 jackals (D:2)
  10 kobolds
  2 quokkas
  2 ball pythons
  3 frilled lizards
  A giant cockroach zombie (D:5)
  4 rats
103 creatures vanquished.

Notes
Turn   | Place    | Note
-------+----------+-------------------------------------------
     0 | D:1      | LraC the Halfling Hunter began the quest for the Orb.
     0 | D:1      | Reached XP level 1. HP: 14/14 MP: 1/1
    54 | D:1      | Reached skill level 6 in Slings
    58 | D:1      | Reached XP level 2. HP: 12/19 MP: 2/2
   263 | D:1      | Reached XP level 3. HP: 21/24 MP: 3/3
   500 | D:2      | Reached skill level 7 in Slings
   614 | D:2      | Reached XP level 4. HP: 29/29 MP: 4/4
   751 | D:2      | Found a hide-covered altar of Uskayaw.
   856 | D:2      | Found a blossoming altar of Fedhas.
   923 | D:2      | Reached skill level 8 in Slings
   923 | D:2      | Reached XP level 5. HP: 22/34 MP: 5/5
  1237 | D:2      | Noticed an ogre
  1246 | D:2      | Killed an ogre
  1246 | D:2      | Reached skill level 9 in Slings
  1246 | D:2      | Reached skill level 1 in Armour
  1246 | D:2      | Reached XP level 6. HP: 12/41 MP: 6/6
  1725 | D:3      | Found a glowing golden altar of the Shining One.
  1979 | D:3      | Found a runed translucent gate.
  1979 | D:3      | Found a runed translucent gate.
  1979 | D:3      | Found a runed translucent gate.
  1979 | D:3      | Noticed LraC's ghost (amateur DsNe)
  1980 | D:3      | Noticed Mandevil's ghost (weakling OpAK)
  1980 | D:3      | Noticed teukkam's ghost (amateur MfGl)
  1980 | D:3      | Noticed kalagan's ghost (amateur DEEE)
  1980 | D:3      | Noticed dasteron's ghost (amateur MiFi)
  2272 | D:4      | Noticed an ogre
  2276 | D:4      | Killed an ogre
  2305 | D:4      | Noticed Edmund
  2314 | D:4      | Killed Edmund
  2314 | D:4      | Reached skill level 10 in Slings
  2314 | D:4      | Reached XP level 7. HP: 46/46 MP: 7/7
  2334 | D:4      | Found a glowing silver altar of Zin.
  2432 | D:4      | Noticed Eustachio
  2450 | D:4      | Killed Eustachio
  2642 | D:4      | Reached skill level 11 in Slings
  2669 | D:4      | Reached XP level 8. HP: 54/54 MP: 8/8
  3042 | D:5      | Entered Level 5 of the Dungeon
  3161 | D:5      | Reached skill level 1 in Short Blades
  3250 | D:5      | Reached skill level 12 in Slings
  3342 | D:5      | HP: 2/54 [crimson imp (4)]
  3344 | D:5      | Slain by an ice beast

Levels and vault maps discovered:
D:1:      zelgadis_glass_arrival_small, layout_basic
D:2:      layout_basic, nicolae_overflow_crystal_walls, fedhas_altar_2
D:3:      minmay_general_purpose_star, layout_basic, tso_oasis_becter,
          gammafunk_ghost_cemetery, hex_tiny
D:4:      layout_gridville, lemuel_round_altar, first_ration,
          dk_rats_in_the_wall, uniq_edmund, uniq_eustachio
D:5:      layout_rooms, led_xom_imps

Skill      XL: |  1  2  3  4  5  6  7  8 |
---------------+-------------------------+-----
Slings         | 6 7 8 9 10 11 12 | 12.5
Fighting       | 2 3 4 |  4.3
Armour         | 1 2 |  2.8
Short Blades   | 1 |  1.7
Dodging        | 3 |  3.0
Stealth        | |  1.9

Action                   |  1- 3 |  4- 6 |  7- 9 || total
-------------------------+-------+-------+-------++-------
Melee: Mace              |    23 |       |       ||    23
       Short sword       |       |       |    27 ||    27
 Fire: Hunting sling     |    42 |   129 |   147 ||   318
  Use: Potion            |     2 |     1 |     3 ||     6
       Scroll            |     4 |     3 |       ||     7
  Eat: Ration            |       |     1 |     1 ||     2
Armor: Leather armour    |    10 |       |    13 ||    23
Dodge: Dodged            |    25 |    18 |    43 ||    86
